 Dungeon Crawl Stone Soup version 0.24.0-29-g8ce449bc06 (webtiles) character file.

Game seed: 10564235645035708359, levelgen mode: deterministic

27600 night the Destroyer (level 13, -10/115 HPs)
             Began as a White Draconian Conjurer on Nov 13, 2019.
             Was an Elder of Sif Muna.
             Shot with an arrow by Nessos (11 damage)
             ... on level 4 of the Lair of Beasts.
             The game lasted 01:22:26 (22100 turns).

night the Destroyer (White Draconian Conjurer)     Turns: 22100, Time: 01:22:26

Health: -10/115    AC: 14    Str: 11    XL:     13   Next: 5%
Magic:  8/29       EV: 15    Int: 20    God:    Sif Muna [****..]
Gold:   581        SH:  0    Dex: 12    Spells: 21/36 levels left

rFire    . . .     SeeInvis .   f - staff of cold
rCold    + + .     Gourm    .   (no shield)
rNeg     . . .     Faith    .   (armour unavailable)
rPois    .         Spirit   .   (helmet restricted)
rElec    .         Reflect  .   F - +0 cloak
rCorr    .         Harm     .   P - +2 pair of gloves
MR       .....                  O - +1 pair of boots
Stlth    ++........             (no amulet)
HPRegen  0.29/turn              h - ring of wizardry
MPRegen  0.21/turn              H - +3 ring of evasion

@: lethally poisoned (-10 -> -28), very slightly contaminated
A: breathe frost, unfitting armour, cold resistance 1, cold-blooded, AC +8
a: Breathe Frost, Channel Magic, Forget Spell, Divine Exegesis, Renounce
Religion


You were on level 4 of the Lair of Beasts.
You worshipped Sif Muna.
Sif Muna was greatly pleased with you.
You were hungry.

You visited 3 branches of the dungeon, and saw 16 of its levels.
You also visited: Volcano.

You collected 963 gold pieces.
You spent 382 gold pieces at shops.

Inventory:

Hand Weapons
 c - a +2 great sword of flaming
 s - a +1 dagger of freezing
 u - a +0 hunting sling
 y - a +2 dagger of holy wrath
 B - a +0 arbalest
 E - a +1 morningstar of protection
 G - a +0 hand crossbow
 R - a +2 dagger of draining
 Y - a +1 battleaxe of flaming
Missiles
 d - 405 stones
 i - 166 bolts
 j - 67 sling bullets
 m - 175 arrows
 V - 6 javelins (quivered)
Armour
 F - a +0 cloak (worn)
 O - a +1 pair of boots (worn)
 P - a +2 pair of gloves (worn)
 Z - the cursed +0 pair of boots of the Rabble {Stlth+, unknown}
   (You found it in a volcano)

   It makes you more stealthy.
   It has a curse placed upon it.
Magical Staves
 f - an uncursed staff of cold (weapon)
Jewellery
 h - a ring of wizardry (left hand)
 A - an uncursed ring of ice
 C - an uncursed ring of see invisible
 H - a +3 ring of evasion (right hand)
 K - an uncursed ring of poison resistance
Wands
 I - a wand of acid (8)
 N - a wand of disintegration (27)
 S - a wand of paralysis (3)
 T - a wand of random effects (22)
 X - a wand of polymorph (8)
Scrolls
 e - 3 scrolls of blinking
 q - 6 scrolls of remove curse
 t - 4 scrolls of fog
 w - 2 scrolls of magic mapping
 x - 7 scrolls of teleportation
 L - 3 scrolls of identify
 M - a scroll of enchant weapon
 U - 2 scrolls of enchant armour
 W - a scroll of holy word
Potions
 a - 4 potions of flight
 g - a potion of agility {unknown}
 k - 2 potions of berserk rage {unknown}
 l - 2 potions of magic {unknown}
 n - 5 potions of heal wounds
 r - a potion of mutation {unknown}
 v - 2 potions of cancellation {unknown}
 z - 2 potions of lignification {unknown}
 D - a potion of resistance
 J - 4 potions of haste
 Q - a potion of brilliance {unknown}
Miscellaneous
 p - a lamp of fire (inert)
Comestibles
 b - 19 rations


   Skills:
 + Level 10.8 Fighting
 - Level 1.7 Dodging
 - Level 1.7 Stealth
 + Level 12.4 Spellcasting
 + Level 13.7 Conjurations
 * Level 5.3 Translocations


You had 21 spell levels left.
You knew the following spells:

 Your Spells              Type           Power        Failure   Level  Hunger
a - Magic Dart            Conj           ####         0%          1    None
b - Searing Ray           Conj           ######       1%          2    None
c - Iskenderun's Mystic   Conj           ######..     1%          4    #......
d - Force Lance           Conj/Tloc      ######..     1%          4    #......
e - Fulminant Prism       Conj/Hex       #####.....   1%          4    #......

Your spell library contained the following spells:

 Spells                   Type           Power        Failure   Level  Hunger
 Dazzling Spray           Conj/Hex       #####.       1%          3    None
 Gell's Gravitas          Tloc           ####......   1%          3    None
 Confusing Touch          Hex            ##....       2%          1    None
 Corona                   Hex            ##.....      2%          1    None
 Portal Projectile        Hex/Tloc       ###...       2%          3    None
 Ensorcelled Hibernation  Hex/Ice        ###...       3%          2    None
 Fireball                 Conj/Fire      #####.....   3%          5    ####...
 Confuse                  Hex            ##......     6%          3    None
 Ignite Poison            Fire/Tmut/Pois ##......     6%          3    None
 Tukima's Dance           Hex            ##......     6%          3    None
 Bolt of Fire             Conj/Fire      #####.....   19%         6    ######.
 Petrify                  Tmut/Erth      ##......     21%         4    #......
 Dispersal                Tloc           ####......   34%         6    ######.
 Borgnjor's Vile Clutch   Necr/Erth      ##........   50%         5    ####...
 Metabolic Englaciation   Hex/Ice        ###.......   50%         5    ####...
 Silence                  Hex/Air        ##........   50%         5    ####...
 Yara's Violent Unravell  Hex/Tmut       ##........   50%         5    ####...
 Darkness                 Hex            ##........   96%         6    ######.
 Shadow Creatures         Summ           N/A          96%         6    ######.
 Ring of Flames           Chrm/Fire      ##........   100%        7    #######
 Controlled Blink         Tloc           N/A          100%        8    #######
 Disjunction              Tloc           ####......   100%        8    #######
 Ignition                 Fire           ##........   100%        8    #######


Dungeon Overview and Level Annotations

Branches:
Dungeon (11/15)            Temple (1/1) D:7            Lair (4/6) D:8
 Spider (0/4) Lair:3          Orc (0/2) D:9         Volcano (visited)
  Swamp: Lair:2-4    Shoals: Lair:2-4

Altars:
Ashenzari
Cheibriados
Dithmenos
Elyvilon
Fedhas
Gozag
Hepliaklqana
Kikubaaqudgha
Makhleb
Nemelex Xobeh
Okawaru
Qazlal
Ru
Sif Muna
Trog
Uskayaw
Vehumet
Wu Jian
Xom
Yredelemnul
Zin
The Shining One
Beogh

Shops:
D:4 (   D:9 ?%?!

Annotations:
Lair:4 Nessos


Innate Abilities, Weirdness & Mutations

You can breathe waves of freezing cold.
You can buffet flying creatures when you breathe cold.
Your icy white scales are hard. (AC +8)
You cannot fit into any form of body armour.
Your flesh is cold resistant. (rC+)
You are cold-blooded and may be slowed by cold attacks.


Message History

You feel very sick.
Nessos blinks!
* * * LOW HITPOINT WARNING * * *
You feel very sick.
You feel better.
Nessos shoots an arrow.
The arrow misses you.
Evoke which item? (* to show all) (? for menu, Esc to quit)
Okay, then.
Blink to where?
Press: ? - help, Dir - move target cursor, p - Nessos You are very lightly contaminated with residual magic.
As you read the scroll of blinking, it crumbles to dust.
Okay, then.
Okay, then.
Nessos blinks!
You are feeling hungry.
Nessos blinks!
Nessos shoots an arrow.
The arrow hits you!!
* * * LOW HITPOINT WARNING * * *
The arrow burns you!
You are lethally poisoned!
You die...

#.....................#..
##.....P..................
#.....##..§...............
##................. ..#..
#..........c...#### .....
###............... ..P..
#........#####. +.#..
#...PP.#.# #....
###.###@.# #....
#.##(#.###### ###..
#........# #.. ##.......#
... #.......###
##........# ##....§c§#
##....§§# #..PP#§§c#


You could see Nessos.

Vanquished Creatures
  Snorg (Lair:4)
  3 hydras
  3 two-headed ogres
  Nergalle (Lair:2)
  2 skeletal warriors
  An anaconda skeleton (Volcano)
  A lindwurm (Lair:4)
  2 oklob plants (Lair:2)
  A cyclops (D:9)
  2 ugly things
  A black mamba (Lair:3)
  3 spiny frogs
  3 gargoyles (Volcano)
  2 rime drakes
  6 komodo dragons
  A polar bear (Lair:3)
  4 jumping spiders (Lair:3)
  Grinder (D:4)
  A dream sheep (Lair:1)
  14 hippogriffs
  2 flying skulls (Volcano)
  2 redbacks (Lair:3)
  2 wyverns
  2 alligator skeletons (Volcano)
  Grum (D:8)
  6 yaks
  3 basilisks (Lair:2)
  3 hungry ghosts
  Menkaure (D:6)
  Duvessa (D:6)
  5 water moccasins
  6 porcupines
  3 orc warriors
  A necrophage (D:9)
  A phantom (D:9)
  2 sky beasts
  6 ice beasts
  2 black bears
  An eye of draining (D:9)
  6 ogres
  2 centaurs
  2 wolves (D:8)
  6 crocodiles
  A big kobold (D:9)
  Blork the orc (D:4)
  10 bullfrogs
  6 scorpions
  A wyvern skeleton (D:10)
  Dowan (D:7)
  5 killer bees (D:9)
  A troll skeleton (Volcano)
  7 howler monkeys
  2 crimson imps
  A centaur zombie (D:5)
  Crazy Yiuf (D:4)
  A hound (D:10)
  9 orc priests
  An iron imp (D:9)
  7 iguanas
  11 orc wizards
  10 worker ants
  A killer bee zombie (D:6)
  A naga skeleton (Volcano)
  Robin (D:4)
  A hound skeleton (D:9)
  A howler monkey skeleton (D:8)
  11 adders
  3 gnolls (D:5)
  3 shadow imps
  2 oozes
  An adder zombie (D:6)
  3 worms
  A dart slug (D:1)
  2 leopard geckos
  31 orcs
  A ball python (D:4)
  6 giant cockroaches
  13 goblins
  15 hobgoblins
  15 jackals
  7 kobolds
  3 quokkas
  6 bats
  5 frilled lizards
  A quokka skeleton (D:4)
  A quokka zombie (D:9)
  5 rats
  A fungus (Lair:2)
  2 plants (Lair:2)
338 creatures vanquished.

Vanquished Creatures (collateral kills)
  A skeletal warrior (Volcano)
1 creature vanquished.

Vanquished Creatures (others)
  A flying skull (Volcano)
  52 fulminant prisms
  A fungus (Lair:1)
  19 plants
73 creatures vanquished.

Grand Total: 412 creatures vanquished

Notes
Turn   | Place    | Note
-------+----------+-------------------------------------------
     0 | D:1      | night the Draconian Conjurer began the quest for the Orb.
     0 | D:1      | Reached XP level 1. HP: 14/14 MP: 3/3
   361 | D:1      | Reached XP level 2. HP: 22/22 MP: 5/5
   585 | D:1      | Learned a level 2 spell: Searing Ray
   798 | D:2      | Reached skill level 1 in Fighting
   945 | D:2      | Reached XP level 3. HP: 28/28 MP: 1/6
  2155 | D:3      | Reached XP level 4. HP: 35/35 MP: 3/8
  2564 | D:3      | Found a glowing golden altar of the Shining One.
  2733 | D:3      | Found a blossoming altar of Fedhas.
  2735 | D:3      | Found a stormy altar of Qazlal.
  2856 | D:4      | Noticed Robin
  2884 | D:3      | Reached skill level 5 in Conjurations
  2886 | D:3      | Reached XP level 5. HP: 29/41 MP: 1/10
  2973 | D:3      | Learned a level 4 spell: Iskenderun's Mystic Blast
  3041 | D:4      | Noticed Blork the orc
  3046 | D:4      | Noticed an ogre
  3060 | D:4      | Killed Blork the orc
  3066 | D:4      | Killed an ogre
  3066 | D:4      | Reached XP level 6. HP: 27/50 MP: 0/12
  3073 | D:4      | Noticed Grinder
  3115 | D:4      | Paralysed by Grinder for 3 turns
  3125 | D:4      | Killed Grinder
  3125 | D:4      | Reached skill level 6 in Conjurations
  3234 | D:4      | Your scales start taking on an icy white colour.
  3234 | D:4      | Reached XP level 7. HP: 27/57 MP: 9/14
  3234 | D:4      | Gained mutation: Your flesh is cold resistant. (rC+) [White
                  | Draconian growth]
  3463 | D:4      | Found a shadowy altar of Dithmenos.
  3467 | D:4      | Found a burning altar of Makhleb.
  3627 | D:4      | Killed Robin
  3905 | D:4      | Reached skill level 5 in Spellcasting
  4487 | D:4      | Reached skill level 7 in Conjurations
  4744 | D:4      | Found Okkamn's Antique Weapon Shoppe.
  4890 | D:4      | Found a runed translucent door.
  4891 | D:4      | Noticed Crazy Yiuf
  4896 | D:4      | Killed Crazy Yiuf
  4957 | D:4      | Learned a level 4 spell: Force Lance
  5108 | D:5      | Entered Level 5 of the Dungeon
  5146 | D:5      | Reached XP level 8. HP: 61/66 MP: 16/16
  6097 | D:5      | Found a white marble altar of Elyvilon.
  6246 | D:5      | Reached skill level 5 in Fighting
  6264 | D:5      | Reached skill level 8 in Conjurations
  6929 | D:6      | Found a stormy altar of Qazlal.
  6959 | D:6      | Noticed Menkaure
  6966 | D:6      | Learned a level 4 spell: Fulminant Prism
  6972 | D:6      | Killed Menkaure
  7399 | D:7      | Noticed Duvessa
  7399 | D:7      | Noticed Dowan
  7402 | D:7      | Killed Dowan
  7620 | D:6      | Killed Duvessa
  7620 | D:6      | Reached XP level 9. HP: 58/74 MP: 3/19
  7834 | D:7      | Found a staircase to the Ecumenical Temple.
  7848 | Temple   | Entered the Ecumenical Temple
  8072 | Temple   | Became a worshipper of Sif Muna the Loreminder
  8190 | D:7      | Found a shimmering altar of Xom.
  8395 | D:8      | You fall into a shaft and drop 3 floors!
  8818 | D:11     | Noticed a two-headed ogre
  8824 | D:10     | Entered Level 10 of the Dungeon
  8855 | D:9      | Found a staircase to the Orcish Mines.
  8874 | D:9      | Reached skill level 9 in Conjurations
  9149 | D:9      | Noticed a two-headed ogre
  9157 | D:9      | Killed a two-headed ogre
  9358 | D:9      | Found Deunikhi's Magic Scroll Emporium.
  9361 | D:9      | Bought a scroll of magic mapping for 52 gold pieces
  9361 | D:9      | Bought 3 scrolls of fog for 90 gold pieces
  9523 | D:9      | Found a runed translucent door.
  9528 | D:9      | Noticed a cyclops
  9816 | D:9      | Reached skill level 10 in Conjurations
  9816 | D:9      | Reached XP level 10. HP: 53/83 MP: 2/22
  9816 | D:9      | Killed a cyclops
  9837 | D:9      | Reached * piety under Sif Muna
  9950 | D:9      | Noticed a two-headed ogre
  9960 | D:9      | Killed a two-headed ogre
 10038 | D:9      | Noticed a white ugly thing
 10058 | D:9      | Noticed a skeletal warrior
 10276 | D:9      | Killed a white ugly thing
 10389 | D:9      | Reached skill level 11 in Conjurations
 10672 | D:8      | Found a staircase to the Lair.
 10877 | D:8      | Found an ornate altar of the Wu Jian Council.
 10877 | D:8      | Found an opulent altar of Gozag.
 10877 | D:8      | Found an ancient bone altar of Kikubaaqudgha.
 11038 | D:8      | Reached skill level 10 in Spellcasting
 11047 | D:8      | Noticed Grum
 11443 | D:8      | Reached ** piety under Sif Muna
 11444 | D:8      | Killed Grum
 11444 | D:8      | Reached XP level 11. HP: 79/93 MP: 15/25
 11549 | D:8      | Found a roughly hewn altar of Beogh.
 11621 | D:8      | Found an iron altar of Okawaru.
 12172 | D:9      | Killed a skeletal warrior
 12549 | D:9      | Found Vouro's Distillery.
 12564 | D:9      | Bought a potion of haste for 160 gold pieces
 12564 | D:9      | Bought a potion of heal wounds for 80 gold pieces
 12578 | D:9      | Found Eratann's Food Emporium.
 12766 | D:9      | Found Leaxyusch's Magic Scroll Boutique.
 12774 | D:9      | Found a shadowy altar of Dithmenos.
 13148 | D:9      | Found a snail-covered altar of Cheibriados.
 13562 | D:10     | Reached *** piety under Sif Muna
 13718 | D:10     | Noticed a two-headed ogre
 13725 | D:10     | Killed a two-headed ogre
 13861 | D:10     | Reached skill level 12 in Conjurations
 13866 | D:10     | Noticed a white ugly thing
 13884 | D:10     | Killed a red ugly thing
 14759 | Lair:1   | Entered Level 1 of the Lair of Beasts
 14759 | Lair:1   | Found a shimmering blue altar of Sif Muna.
 15703 | Lair:1   | Noticed a six-headed hydra
 15800 | Lair:1   | Killed a six-headed hydra
 16782 | Lair:2   | Noticed Nergalle
 16792 | Lair:2   | Killed Nergalle
 16792 | Lair:2   | Reached XP level 12. HP: 86/106 MP: 7/27
 17462 | Lair:2   | Reached skill level 13 in Conjurations
 17868 | Lair:2   | Reached **** piety under Sif Muna
 17977 | Lair:2   | Reached skill level 10 in Fighting
 19057 | Lair:3   | Reached skill level 1 in Translocations
 19452 | Lair:3   | Noticed a five-headed hydra
 19525 | Lair:3   | Noticed a four-headed hydra
 19533 | Lair:3   | Killed a four-headed hydra
 19758 | Lair:3   | Killed a five-headed hydra
 20481 | Lair:3   | Found a hole to the Spider Nest.
 20639 | Lair:4   | Found a dark tunnel.
 20646 | Volcano  | Entered a volcano
 21527 | Volcano  | Got a pair of bloodstained boots
 21955 | Lair:4   | Reached skill level 5 in Translocations
 21955 | Lair:4   | Reached XP level 13. HP: 115/115 MP: 15/29
 22060 | Lair:4   | Noticed Snorg
 22068 | Lair:4   | Killed Snorg
 22090 | Lair:4   | Noticed Nessos
 22100 | Lair:4   | HP: 1/115 [Nessos/arrow (21)]
 22100 | Lair:4   | Shot with an arrow by Nessos

Levels and vault maps discovered:
D:1:      dpeg_arrival_shrine, layout_basic, minmay_3d_cube
D:2:      minmay_alternating_diamond, layout_basic, grunt_ministairs_8
D:3:      layout_basic, grunt_temple_overflow_forces_of_nature,
          lemuel_coloured_pillars_altar
D:4:      layout_basic, grunt_temple_overflow_open, serial_shops, shop_statue,
          minivault_26, uniq_crazy_yiuf_cottage, uniq_blork_the_orc,
          uniq_grinder, uniq_robin
D:5:      layout_basic, elyvilon_altar_4, first_ration
D:6:      layout_rooms, minmay_misc_feat_x, grunt_qazlal_sundering,
          uniq_menkaure
D:7:      layout_rooms, xom_butterflies, minmay_temple_entry_grid, uniq_duvessa
D:8:      layout_loops_ring, kennysheep_mini_moat,
          gammafunk_temple_overflow_claw, david_lair_shrubbed,
          david_defended_altar_orc, uniq_grum
D:9:      minmay_the_grid_triangle_9x9_rhombus_thin_mashed
          [minmay_the_grid_triangle_9x9_thin_v,
          minmay_the_grid_triangle_9x9_prize_top_heavy,
          minmay_the_grid_triangle_9x9_from_above,
          minmay_the_grid_triangle_9x9_subtriangle], layout_long_grid,
          slow_altar_2, orc_0_dummy, serial_shops, nicolae_shop_behind_doors,
          shop, shop, nicolae_shop_behind_doors, basic_altar,
          hangedman_minor_gate_pass
D:10:     layout_roguey
D:11:     layout_long_grid
Temple:   jpeg_temple_alley_garden
Lair:1:   wad_woods_stonehenge, layout_chaotic_city
Lair:2:   beast_lair_carwin_large_2, layout_cave_pods,
          minmay_lair_oklob_chamber, grunt_megastairs_4, uniq_nergalle
Lair:3:   layout_hall_layers, nicolae_spider_entry_tight_spaces
Lair:4:   layout_gridlike, elwin_shoals_entry_rooms, enter_volcano_1,
          lemuel_fruit_tree, uniq_nessos, uniq_snorg

Skill      XL: |  1  2  3  4  5  6  7  8  9 10 11 12 |
---------------+-------------------------------------+-----
Fighting       | 1 2 3 4 5 6 8 9 10 | 10.8
Spellcasting   | 3 4 5 7 8 10 11 12 | 12.4
Conjurations   | 5 6 7 8 10 11 12 13 | 13.7
Translocations | 5 |  5.3
Dodging        | |  1.7
Stealth        | |  1.7

Action                   |  1- 3 |  4- 6 |  7- 9 | 10-12 | 13-15 || total
-------------------------+-------+-------+-------+-------+-------++-------
Melee: Spear             |    14 |       |       |       |       ||    14
       Mace              |    34 |       |       |       |       ||    34
       Tailslap          |     2 |     2 |    24 |    58 |       ||    86
       Dagger            |     4 |    32 |   155 |   441 |       ||   632
       Morningstar       |       |       |    74 |       |       ||    74
       Lajatang          |       |       |       |    12 |       ||    12
       Battleaxe         |       |       |       |     4 |       ||     4
 Fire: Hunting sling     |       |     2 |       |       |       ||     2
       Hand crossbow     |       |       |       |     4 |       ||     4
Throw: Javelin           |       |       |       |     3 |       ||     3
 Cast: Magic Dart        |    53 |    30 |   154 |   243 |       ||   480
       Searing Ray       |     2 |     7 |    16 |    25 |     1 ||    51
       Iskenderun's Myst |       |       |    42 |   119 |     6 ||   167
       Fulminant Prism   |       |       |     6 |    45 |     1 ||    52
       Force Lance       |       |       |       |    11 |       ||    11
 Abil: Breathe Frost     |       |       |     2 |     3 |       ||     5
Evoke: Wand              |       |       |       |    30 |     1 ||    31
       Lamp of fire      |       |       |       |     1 |       ||     1
  Use: Scroll            |     3 |       |    13 |     7 |     2 ||    25
       Potion            |       |       |       |     8 |     1 ||     9
 Stab: Sleeping          |     4 |       |     1 |     3 |       ||     8
       Distracted        |       |     2 |       |       |       ||     2
       Paralysed         |       |       |       |    10 |       ||    10
  Eat: Chunk             |     3 |     5 |    23 |    34 |       ||    65
       Ration            |       |       |     1 |     4 |       ||     5
Armor: Skin              |    14 |    15 |    80 |   275 |     2 ||   386
Dodge: Dodged            |    41 |    33 |   160 |   497 |     4 ||   735
